 Dungeon Crawl Stone Soup version 0.27.1-33-g824d729ab1 (webtiles) character file.

Game seed: 17642779522322320301

370528 alasdair19 the Hoplite (level 21, -24/188 HPs)
             Began as a Minotaur Fighter on Dec 21, 2021.
             Was the Champion of Okawaru.
             Annihilated by an iron troll (30 damage)
             ... on level 4 of the Depths.
             The game lasted 03:34:46 (40863 turns).

alasdair19 the Hoplite (Minotaur Fighter)          Turns: 40863, Time: 03:34:48

Health: -24/188    AC: 40    Str: 28 (30) XL:     21   Next: 68%
Magic:  27/27      EV:  8    Int:  8      God:    Okawaru [******]
Gold:   1645       SH: 30    Dex:  9 (10) Spells: 20/20 levels left

rFire    + . .     SeeInvis +   r - +9 double sword (holy)
rCold    . . .     Faith    .   f - +0 tower shield
rNeg     . . .     Spirit   .   v - +10 plate armour of Hoerol {-Cast Regen+ Int-3 SInv}
rPois    .         Reflect  +   a - +2 hat {Int+3}
rElec    .         Harm     .   N - +1 cloak {Will+}
rCorr    .         Rampage  +   u - +1 pair of gloves of Dato {Rampage Will+ Int+2 Slay+2}
Will     ++++.     NoCast   +   i - +2 pair of boots {Fly}
Stlth    ..........             o - amulet of reflection
HPRegen  1.41/turn              J - ring of protection from fire
MPRegen  0.20/turn              H - ring of willpower

@: flying, studying Slings
A: horns 2, retaliatory headbutt, deterioration 1, frail 1
}: 2/15 runes: serpentine, barnacled
a: Renounce Religion, Heroism, Finesse


You were on level 4 of the Depths.
You worshipped Okawaru.
Okawaru was exalted by your worship.
You visited 8 branches of the dungeon, and saw 37 of its levels.
You also visited: Bailey, Gauntlet and Ice Cave.

You collected 4070 gold pieces.
You spent 2425 gold pieces at shops.

Inventory:

Hand Weapons
 e - the +7 demon blade of the Ass {flame, +Blink +Rage}
   (Okawaru gifted it to you on level 2 of the Orcish Mines)

   It burns those it strikes, dealing additional fire damage.
   Big, fiery blades are also staple armaments of hydra-hunters.
   +Blink:    It lets you blink.
   +Rage:     It lets you go berserk.
 j - a +5 fustibalus of freezing
 q - the +5 hunting sling "Killer Bee's Regret" {venom, rC+ MP+9 Str+3}
   (Okawaru gifted it to you in an ice cave)

   Any ammunition fired from it poisons the flesh of those it strikes.
   Str:       It affects your strength (+3).
   rC:        It protects you from cold.
   MP:        It affects your magic capacity (+9).
 r - a +9 double sword of holy wrath (weapon)
Missiles
 S - 414 sling bullets
Armour
 a - a +2 hat of intelligence (worn)
 f - a +0 tower shield (worn)
 i - a +2 pair of boots of flying (worn)
 u - the +1 pair of gloves of Dato (worn) {Rampage Will+ Int+2 Slay+2}
   (You found it on level 4 of the Dungeon)

   Int:       It affects your intelligence (+2).
   Slay:      It affects your accuracy & damage with ranged weapons and melee
   (+2).
   Rampage:   It bestows one free step when moving towards enemies.
   Will:      It increases your willpower.
 v - the +10 plate armour of Hoerol (worn) {-Cast Regen+ Int-3 SInv}
   (You bought it in a shop on level 2 of the Orcish Mines)

   Int:       It affects your intelligence (-3).
   SInv:      It lets you see invisible.
   -Cast:     It prevents spellcasting.
   Regen:     It increases your rate of health regeneration.
 G - a scarf of invisibility
 N - a +1 cloak of willpower (worn)
Jewellery
 o - an amulet of reflection (around neck)
 p - a +6 ring of strength
 w - the ring "Sozatoti" {rCorr Int+2}
   (You found it in an ice cave)

   [ring of resist corrosion]

   Int:       It affects your intelligence (+2).
   rCorr:     It protects you from acid and corrosion.
 C - a +4 ring of evasion
 F - a ring of ice
 H - a ring of willpower (right hand)
 I - the ring "Fureti Yteoh" {rCorr Str+4 Int+6 Dex+6 Slay-6}
   (You found it on level 4 of the Shoals)

   [ring of dexterity]

   Str:       It affects your strength (+4).
   Int:       It affects your intelligence (+6).
   Dex:       It affects your dexterity (+6).
   Slay:      It affects your accuracy & damage with ranged weapons and melee
   (-6).
   rCorr:     It protects you from acid and corrosion.
 J - a ring of protection from fire (left hand)
 O - a ring of poison resistance
Wands
 h - a wand of iceblast (59)
 s - a wand of paralysis (40)
 L - a wand of acid (9)
 M - a wand of flame (97)
 Q - a wand of digging (4)
 R - a wand of mindburst (36)
Scrolls
 b - 4 scrolls of summoning
 c - 2 scrolls of holy word
 l - 2 scrolls of blinking
 x - 9 scrolls of teleportation
 y - 2 scrolls of silence
 B - 3 scrolls of fog
 D - 7 scrolls of fear
 V - 5 scrolls of magic mapping
 Y - 17 scrolls of identify
Potions
 d - 4 potions of might
 g - 4 potions of resistance
 m - 7 potions of heal wounds
 t - 8 potions of curing
 T - 3 potions of brilliance
 U - 3 potions of cancellation
 W - 4 potions of haste
Miscellaneous
 k - a lightning rod (4/4)
 n - a box of beasts
 z - a phantom mirror
 E - a phial of floods
 X - a tin of tremorstones (2/2)


   Skills:
 + Level 22.6 Fighting
 + Level 22.9 Long Blades
 + Level 12.1 Slings
 + Level 19.0 Armour
 - Level 1.2 Dodging
 + Level 23.0 Shields
 - Level 10.0 Invocations
 + Level 9.2 Evocations


You had 20 spell levels left.
You didn't know any spells.
Your spell library contained the following spells:

 Spells                   Type           Power      Damage    Failure   Level
 Beastly Appendage        Tmut           0%         N/A       95%         1
 Foxfire                  Conj/Fire      0%         2x1d4     95%         1
 Sting                    Tmut/Pois      0%         1d3       95%         1
 Summon Small Mammal      Summ           0%         N/A       95%         1
 Static Discharge         Conj/Air       0%         N/A       99%         2
 Wereblood                Tmut           0%         N/A       99%         2
 Call Canine Familiar     Summ           0%         N/A       100%        3
 Conjure Flame            Conj/Fire      0%         6-21      100%        3
 Dazzling Flash           Conj/Hex       0%         N/A       100%        3
 Gell's Gravitas          Tloc           0%         N/A       100%        3
 Ignite Poison            Fire/Tmut/Pois 0%         N/A       100%        3
 Inner Flame              Hex/Fire       0%         N/A       100%        3
 Lesser Beckoning         Tloc           0%         N/A       100%        3
 Mephitic Cloud           Conj/Pois/Air  0%         N/A       100%        3
 Spider Form              Tmut/Pois      0%         N/A       100%        3
 Stone Arrow              Conj/Erth      0%         3d7       100%        3
 Summon Guardian Golem    Hex/Summ       0%         N/A       100%        3
 Teleport Other           Tloc           0%         N/A       100%        3
 Airstrike                Air            0%         N/A       100%        4
 Animate Armour           Summ/Erth      0%         N/A       100%        4
 Cause Fear               Hex            0%         N/A       100%        4
 Iskenderun's Mystic Bla  Conj/Tloc      0%         2d3       100%        4
 Olgreb's Toxic Radiance  Pois           0%         N/A       100%        4
 Sticky Flame             Conj/Fire      0%         2d3       100%        4
 Summon Ice Beast         Ice/Summ       0%         N/A       100%        4
 Summon Lightning Spire   Summ/Air       0%         N/A       100%        4
 Bolt of Magma            Conj/Fire/Erth 0%         4d4       100%        5
 Fireball                 Conj/Fire      0%         3d3       100%        5
 Lightning Bolt           Conj/Air       0%         1d11      100%        5
 Silence                  Hex/Air        0%         N/A       100%        5
 Summon Mana Viper        Hex/Summ       0%         N/A       100%        5
 Dispersal                Tloc           0%         N/A       100%        6
 Invisibility             Hex            0%         N/A       100%        6
 Iron Shot                Conj/Erth      0%         9d1       100%        6
 Starburst                Conj/Fire      0%         6d3       100%        6
 Monstrous Menagerie      Summ           0%         N/A       100%        7
 Ozocubu's Refrigeration  Ice            0%         4d5       100%        7
 Discord                  Hex            0%         N/A       100%        8
 Disjunction              Tloc           0%         N/A       100%        8
 Ignition                 Fire           0%         3d3       100%        8
 Lehudib's Crystal Spear  Conj/Erth      0%         10d2      100%        8
 Maxwell's Capacitive Co  Air            0%         ∞         100%        8


Dungeon Overview and Level Annotations

Branches:
Dungeon (15/15)            Temple (1/1) D:5            Lair (6/6) D:10
 Shoals (4/4) Lair:2        Snake (4/4) Lair:3        Slime (0/5) Lair:5
    Orc (2/2) D:9             Elf (0/3) Orc:2        Vaults (1/5) D:13
 Depths (4/5) D:15         Bailey (visited)           IceCv (visited)
Gauntlet (visited)

Altars:
Ashenzari
Dithmenos
Elyvilon
Fedhas
Gozag
Hepliaklqana
Kikubaaqudgha
Makhleb
Nemelex Xobeh
Okawaru
Ru
Trog
Uskayaw
Vehumet
Wu Jian
Xom
Yredelemnul
Zin
Beogh
Jiyva

Shops:
D:10 :   D:12 *   Orc:2 *([*[*   Shoals:1 (([([   Shoals:3 *   Snake:1 [
Snake:2 *   Snake:4 :   Depths:2 (

Portals:
Hell: Depths:1 Depths:2 Depths:3
Abyss: Depths:1
Pandemonium: Depths:1 Depths:2 Depths:3
Ziggurat: Depths:1

Annotations:
D:4 exclusion: statue


Innate Abilities, Weirdness & Mutations

You have a pair of horns on your head.
You reflexively headbutt those who attack you in melee.
Your body sometimes deteriorates upon taking damage.
You are frail. (-10% HP)


Message History

You block the deep troll shaman's attack.
The deep troll shaman claws you! The deep troll shaman claws you.
The deep troll earth mage casts a spell at you.
The wall shatters!
The blast of rock fragments hits you!
You slice the deep troll earth mage!!
You kill the deep troll earth mage!
Okawaru accepts your kill.
The troll leather armour is intact enough to wear.
You block the iron troll's attack. x2; The iron troll barely misses you.
The deep troll shaman closely misses you.
The deep troll shaman claws you but does no damage.
The deep troll shaman closely misses you.
You completely miss the iron troll.
The iron troll bites you but does no damage.
The iron troll claws you but does no damage.
The iron troll completely misses you.
You block the deep troll shaman's attack. x3
You slice the iron troll!! You headbutt the iron troll!
The iron troll is moderately wounded.
The iron troll bites you!!!
* * * LOW HITPOINT WARNING * * *
Your body deteriorates!
You feel clumsy. The iron troll barely misses you.
You block the iron troll's attack.
You completely miss the iron troll. You headbutt the iron troll!
The iron troll is heavily wounded.
You block the deep troll shaman's attack. x2
The deep troll shaman claws you.
* * * LOW HITPOINT WARNING * * *
The iron troll bites you!!
* * * LOW HITPOINT WARNING * * *
You block the iron troll's attack.
The iron troll claws you but does no damage.
You slash the deep troll shaman!
Your headbutt misses the deep troll shaman.
The deep troll shaman is lightly wounded.
You block the deep troll shaman's attack. x2
The deep troll shaman claws you.
* * * LOW HITPOINT WARNING * * *
The iron troll bites you!!
You die...

#......# #........ ##### #...##.#
####....... ....###..#.# .#
#.#........
.###.##..##.##.########..........
..##.......#........##......[....
........#........#.#.............
##...............†###............
#.............TT[)).............
###########...#@#...............
#.............##................
#.###########..#................
#.#.........##.##...............
#.#.#######.# ###..............
#.#.#.....#.# #...............
#.#.#.###.#.# #.#..#..........
#...#..<#...######.....#.......
##############.................


You could see an iron troll (fast, strong) and a deep troll shaman.

Vanquished Creatures
  A juggernaut (Depths:4)
  Bai Suzhen (Shoals:4)
  Vashnia (Snake:4)
  A caustic shrike (Depths:2)
  A golden dragon (IceCv)
  A tentacled monstrosity (Depths:4)
  Jorgrun (Snake:1)
  2 liches
  2 sphinxes
  Gastronok (Lair:2)
  A shadow dragon (Depths:2)
  Kirke (D:15)
  2 deep elf sorcerers (Depths:3)
  3 nagarajas (Snake:4)
  9 fire giants
  3 orc warlords
  2 vault wardens (Vaults:1)
  3 frost giants
  A balrug (Depths:2)
  An ironbound preserver (Vaults:1)
  13 very ugly things
  A vampire knight (Depths:3)
  10 stone giants
  The ghost of othur the Warrior, a journeyman DsGl of Ashenzari (D:12)
  4 dire elephants (Vaults:1)
  A minotaur (Gauntlet)
  4 entropy weavers (D:10)
  Snorg (D:10)
  3 spark wasps
  A lorocyproca (Depths:2)
  16 ettins
  A merfolk javelineer (Shoals:3)
  2 deep elf high priests (Depths:4)
  6 merfolk impalers
  3 jiangshi (Depths:3)
  6 fire dragons
  A deep elf death mage (Depths:2)
  2 great orbs of eyes (Depths:2)
  9 hydras
  A yaktaur captain (Vaults:1)
  2 salamander tyrants
  Harold (D:7)
  12 ice dragons
  13 naga warriors
  Erolcha (D:12)
  An ironbound thunderhulk (Vaults:1)
  2 ghost crabs (D:10)
  2 alligator snapping turtles
  5 rakshasas
  7 merfolk avatars
  3 spriggan air magi
  3 boulder beetles (D:14)
  4 centaur warriors
  A death knight (D:11)
  An ironbound frostheart (Vaults:1)
  5 merfolk aquamancers
  7 anacondas
  10 deep troll earth magi
  8 two-headed ogres
  4 deep troll shamans
  A satyr (Shoals:2)
  5 tengu warriors
  14 naga sharpshooters
  10 spriggan berserkers
  3 ironbound beastmasters (Vaults:1)
  3 death yaks
  2 vampire magi (Depths:3)
  5 hell knights (Depths:3)
  3 orc high priests (Orc:2)
  5 shock serpents
  A titan skeleton (Depths:4)
  Sonja (Lair:5)
  9 fire crabs
  3 sun demons
  2 soul eaters
  3 spriggans
  3 iron trolls
  5 skeletal warriors (D:15)
  17 deep trolls
  5 salamander mystics
  15 sea snakes
  An infernal demonspawn (Depths:1)
  A gelid demonspawn (Depths:3)
  A glowing orange brain (Vaults:1)
  A deep troll (shapeshifter) (D:13)
  A flayed ghost (Depths:1)
  A golden dragon skeleton (Depths:4)
  11 wizards
  Pikel (D:8)
  6 naga ritualists
  3 lindwurms (Vaults:1)
  A torturous demonspawn (Depths:1)
  7 orc knights
  A shadow demon (Depths:1)
  An orange crystal statue (IceCv)
  2 phantasmal warriors (Depths:3)
  4 harpies (Shoals:4)
  4 necromancers
  3 deep elf pyromancers (Depths:3)
  4 ironbound convokers (Vaults:1)
  A deep elf zephyrmancer (Depths:3)
  2 wolf spiders (Lair:6)
  A wolf spider (shapeshifter) (Depths:2)
  2 fauns (Shoals:1)
  9 mana vipers
  49 ugly things
  20 salamanders
  A sphinx skeleton (Depths:4)
  2 human zombies (Vaults:1)
  A tengu skeleton (Vaults:1)
  A frost giant zombie (Depths:4)
  6 elephants
  18 manticores
  4 orc sorcerers (Orc:2)
  9 merfolk sirens
  7 cyclopes
  A human skeleton (Vaults:1)
  3 guardian serpents
  A frost giant skeleton (Vaults:1)
  3 rust devils
  13 naga magi
  Maurice (D:8)
  7 water nymphs
  49 black mambas
  3 vault sentinels (Vaults:1)
  A torpor snail (Gauntlet)
  An apocalypse crab (D:10)
  A water nymph (shapeshifter) (Depths:2)
  18 cane toads
  A smoke demon (Depths:2)
  An unseen horror (Depths:1)
  A gargoyle (D:6)
  An efreet (D:14)
  10 komodo dragons
  8 storm dragon simulacra (IceCv)
  Psyche (D:8)
  5 kobold demonologists
  3 freezing wraiths
  An ice devil (Depths:2)
  A hellion (Depths:3)
  2 rime drakes
  7 tengu conjurers
  4 red devils
  7 trolls
  10 yaktaurs (Vaults:1)
  2 golden dragon simulacra (IceCv)
  A meliai (shapeshifter) (D:14)
  A jumping spider (shapeshifter) (D:15)
  27 merfolk
  7 polar bears
  5 wind drakes
  8 hornets
  10 blink frogs
  14 snapping turtles
  Grinder (D:6)
  Prince Ribbit (D:7)
  10 slime creatures
  7 dream sheep
  A fire giant simulacrum (Depths:4)
  Sigmund (D:3)
  A ynoxinul (Depths:1)
  A tarantella (shapeshifter) (D:14)
  A vampire (D:11)
  2 redbacks (Lair:6)
  A spriggan (shapeshifter) (D:11)
  An air elemental (D:11)
  13 wyverns
  22 water elementals
  6 fire bats
  2 shadows
  54 yaks
  A fire bat (shapeshifter) (D:15)
  9 basilisks
  2 hogs (D:15)
  A human (shapeshifter) (D:13)
  4 wraiths
  2 steam dragons
  A fire elemental (D:11)
  10 vampire mosquitoes
  6 chaos spawn
  Grum (D:8)
  A neqoxec (Depths:2)
  Menkaure (D:7)
  4 wargs
  2 acid dragons
  8 large abominations (Depths:1)
  43 nagas
  3 hell hounds (Gauntlet)
  A floating eye (Depths:2)
  25 water moccasins
  3 ice beasts
  2 necrophages
  2 sky beasts
  6 black bears
  40 orc warriors
  6 ice dragon simulacra (IceCv)
  13 ogres
  4 boggarts (Lair:6)
  37 wolves
  4 small abominations (Depths:1)
  4 centaurs
  2 phantoms
  2 kobold brigands
  A lemure (D:8)
  4 gnoll sergeants
  An earth elemental (D:11)
  A wyvern zombie (D:6)
  10 bullfrogs
  5 scorpions
  A water moccasin skeleton (D:5)
  5 lindwurm simulacra (IceCv)
  8 killer bees (D:9)
  5 wights (D:6)
  An electric eel (D:15)
  2 howler monkeys
  3 centaur zombies
  A bullfrog zombie (D:6)
  8 hounds
  4 jellies
  24 orc priests
  3 gnoll shamans
  Ijyb (D:3)
  4 bullfrog skeletons
  6 hell rats (Lair:2)
  2 iguanas
  27 orc wizards
  A hound skeleton (D:4)
  A howler monkey zombie (D:9)
  34 gnolls
  5 adders
  A shadow imp (D:7)
  8 white imps
  A howler monkey simulacrum (D:9)
  2 ufetubi
  An adder zombie (D:5)
  A worm (D:5)
  4 dart slugs
  101 orcs
  4 bats
  11 endoplasms
  5 giant cockroaches
  22 goblins
  10 hobgoblins
  10 jackals
  25 kobolds
  4 quokkas
  6 ball pythons
  A frilled lizard (D:3)
  9 rats
  A butterfly (D:10)
1528 creatures vanquished.

Vanquished Creatures (collateral kills)
  A fire giant (Depths:4)
1 creature vanquished.

Vanquished Creatures (others)
  A deep elf zephyrmancer (Depths:3)
  A tengu conjurer (Depths:2)
  A freezing wraith (D:15)
  2 humans (D:15)
  2 bushes (Lair:6)
  24 fungi
  67 plants
98 creatures vanquished.

Grand Total: 1627 creatures vanquished

Notes
Turn   | Place    | Note
-------+----------+-------------------------------------------
     0 | D:1      | alasdair19 the Minotaur Fighter began the quest for the
                  | Orb.
     0 | D:1      | Reached XP level 1. HP: 19/19 MP: 0/0
    33 | D:1      | Reached skill level 4 in Shields
    49 | D:1      | Reached XP level 2. HP: 17/27 MP: 1/1
   427 | D:1      | Reached XP level 3. HP: 33/33 MP: 2/2
   527 | D:1      | Got An Initiation to Theurgy
   779 | D:2      | Reached XP level 4. HP: 40/40 MP: 3/3
  1161 | D:2      | Found a faded altar of an unknown god.
  1600 | D:3      | Found a burning altar of Makhleb.
  1602 | D:3      | Noticed Sigmund
  1623 | D:3      | Killed Sigmund
  1624 | D:3      | Reached skill level 5 in Armour
  1624 | D:3      | Reached skill level 1 in Dodging
  1624 | D:3      | Reached skill level 5 in Shields
  1624 | D:3      | Reached XP level 5. HP: 32/47 MP: 4/4
  1624 | D:3      | Reached XP level 6. HP: 38/55 MP: 5/5
  1809 | D:3      | Found a glowing drain.
  1983 | D:3      | Noticed Ijyb
  1985 | D:3      | Paralysed by Ijyb for 2 turns
  1990 | D:3      | Paralysed by Ijyb for 7 turns
  2003 | D:3      | Killed Ijyb
  2448 | D:4      | Reached skill level 5 in Fighting
  2448 | D:4      | Reached skill level 5 in Long Blades
  2636 | D:4      | Identified the +1 pair of gloves of Dato {Rampage Will+
                  | Int+2 Slay+2}
  2727 | D:4      | Found a radiant altar of Vehumet.
  2842 | D:4      | Reached XP level 7. HP: 59/61 MP: 6/6
  3321 | D:5      | Entered Level 5 of the Dungeon
  3488 | D:5      | Found a sacrificial altar of Ru.
  3633 | D:5      | Found a sparkling altar of Nemelex Xobeh.
  3789 | D:5      | Found a staircase to the Ecumenical Temple.
  3798 | Temple   | Entered the Ecumenical Temple
  3841 | Temple   | Became a worshipper of Warmaster Okawaru
  3867 | D:5      | Reached XP level 8. HP: 70/70 MP: 7/7
  3933 | D:5      | Reached skill level 6 in Shields
  4383 | D:6      | Noticed a gargoyle
  4392 | D:5      | Reached * piety under Okawaru
  4423 | D:6      | Killed a gargoyle
  4853 | D:6      | Reached ** piety under Okawaru
  4970 | D:6      | Reached skill level 7 in Shields
  5136 | D:6      | Reached XP level 9. HP: 62/77 MP: 8/8
  5463 | D:6      | Found an ancient bone altar of Kikubaaqudgha.
  5661 | D:6      | Reached skill level 1 in Invocations
  5683 | D:6      | Reached skill level 10 in Long Blades
  5806 | D:6      | Reached *** piety under Okawaru
  5846 | D:6      | Noticed a two-headed ogre
  5846 | D:6      | Noticed Grinder
  5850 | D:6      | Paralysed by Grinder for 4 turns
  5859 | D:6      | Killed a two-headed ogre
  5859 | D:6      | Reached **** piety under Okawaru
  5860 | D:6      | Reached skill level 8 in Shields
  5865 | D:6      | Paralysed by Grinder for 6 turns
  5876 | D:6      | Killed Grinder
  5944 | D:6      | Noticed an eight-headed hydra
  6016 | D:7      | Reached XP level 10. HP: 88/88 MP: 11/11
  6071 | D:7      | Noticed Harold
  6082 | D:7      | Killed Harold
  6097 | D:7      | Reached ***** piety under Okawaru
  6466 | D:7      | Noticed Menkaure
  6491 | D:7      | Killed Menkaure
  6767 | D:7      | Noticed Prince Ribbit
  6785 | D:7      | Killed Prince Ribbit
  6785 | D:7      | Identified the +2 scimitar of Fate {freeze, Will+ Int+6}
                  | (Okawaru gifted it to you on level 7 of the Dungeon)
  6785 | D:7      | Received a gift from Okawaru
  6819 | D:8      | Noticed Grum
  6820 | D:8      | Noticed Maurice
  6996 | D:8      | Killed Maurice
  6997 | D:8      | Reached skill level 9 in Shields
  7025 | D:8      | Noticed Pikel
  7026 | D:8      | Killed Grum
  7037 | D:8      | Killed Pikel
  7146 | D:8      | Noticed Psyche
  7151 | D:8      | Killed Psyche
  7568 | D:9      | Noticed a death yak
  7578 | D:8      | Killed a death yak
  7579 | D:8      | Reached skill level 5 in Invocations
  7579 | D:8      | Reached XP level 11. HP: 79/97 MP: 13/13
  7891 | D:9      | Noticed a sixfirhy
  7907 | D:9      | Noticed a two-headed ogre
  7922 | D:9      | Killed a two-headed ogre
  7943 | D:9      | Found a glowing silver altar of Zin.
  7963 | D:9      | Identified the +1 great sword of Satyriasis {venom, Str+3}
                  | (Okawaru gifted it to you on level 9 of the Dungeon)
  7963 | D:9      | Received a gift from Okawaru
  8192 | D:9      | Noticed a death yak
  8201 | D:9      | Killed a death yak
  8202 | D:9      | Reached skill level 1 in Slings
  8202 | D:9      | Reached skill level 10 in Shields
  8269 | D:9      | Reached ****** piety under Okawaru
  8298 | D:9      | Found a staircase to the Orcish Mines.
  8537 | D:9      | Reached skill level 10 in Armour
  8715 | Orc:1    | Entered Level 1 of the Orcish Mines
  8720 | Orc:1    | Reached skill level 10 in Fighting
  8816 | Orc:1    | Received a gift from Okawaru
  8863 | Orc:1    | Noticed an orc knight
  8901 | D:9      | Killed an orc knight
  9024 | Orc:1    | Noticed an orc warlord
  9038 | D:9      | Reached XP level 12. HP: 99/106 MP: 16/16
  9074 | D:9      | Killed an orc warlord
  9431 | Orc:2    | Entered Level 2 of the Orcish Mines
  9441 | Orc:2    | Found a staircase to the Elven Halls.
  9692 | Orc:2    | Noticed an orc warlord
  9694 | Orc:2    | Found Ifadinec's General Store.
  9724 | Orc:2    | Killed an orc warlord
  9799 | Orc:2    | Bought a scroll of identify for 34 gold pieces
  9799 | Orc:2    | Bought a scroll of identify for 34 gold pieces
  9799 | Orc:2    | Bought a scroll of teleportation for 51 gold pieces
  9953 | Orc:1    | Received a gift from Okawaru
 10023 | Orc:2    | Found Guabruxt's General Store.
 10056 | Orc:2    | Bought a scroll of identify for 28 gold pieces
 10056 | Orc:2    | Bought a scroll of magic mapping for 49 gold pieces
 10056 | Orc:2    | Bought a scroll of identify for 28 gold pieces
 10173 | Orc:2    | Reached skill level 11 in Shields
 10176 | Orc:2    | Noticed an orc high priest
 10176 | Orc:2    | Noticed an orc high priest
 10194 | Orc:2    | Killed an orc high priest
 10207 | Orc:2    | Noticed an orc high priest
 10213 | Orc:2    | Killed an orc high priest
 10259 | Orc:2    | Killed an orc high priest
 10259 | Orc:2    | Identified the +7 demon blade of the Ass {flame, +Blink
                  | +Rage} (Okawaru gifted it to you on level 2 of the Orcish
                  | Mines)
 10259 | Orc:2    | Received a gift from Okawaru
 10329 | Orc:2    | Found Yseseut's Weapon Shoppe.
 10336 | Orc:2    | Found Esixt's General Store.
 10337 | Orc:2    | Found Saexuola's Armour Shoppe.
 10337 | Orc:2    | Found Liggazis's Armour Shop.
 10358 | Orc:2    | Bought a potion of haste for 140 gold pieces
 10643 | D:6      | Killed a four-headed hydra
 10644 | D:6      | Reached XP level 13. HP: 91/116 MP: 18/18
 11011 | D:10     | Entered Level 10 of the Dungeon
 11045 | D:10     | Found a staircase to the Lair.
 11100 | D:10     | Found a runed translucent door.
 11115 | D:10     | Found a flagged portal.
 11126 | Bailey   | Entered a bailey
 11137 | Bailey   | Noticed an orc warlord
 11219 | Bailey   | Found a runed translucent gate.
 11221 | Bailey   | Found a runed translucent gate.
 11223 | Bailey   | Found a runed translucent gate.
 11287 | Bailey   | Killed an orc warlord
 11287 | Bailey   | Received a gift from Okawaru
 11297 | Bailey   | Identified the +1 robe "Tiomo" {rPois rF+ Archmagi}
 11670 | D:10     | Reached skill level 12 in Shields
 11701 | D:10     | Reached skill level 15 in Long Blades
 11708 | D:10     | Found a shimmering altar of Xom.
 11711 | D:10     | Found Fant's Book Shoppe.
 11859 | D:10     | Noticed Snorg
 11868 | D:10     | Killed Snorg
 11995 | D:10     | Reached skill level 1 in Evocations
 11995 | D:10     | Reached XP level 14. HP: 126/126 MP: 18/20
 12320 | D:10     | Identified the +0 leather armour "Qepinayst" {Str+2 Int+2}
 12444 | Lair:1   | Entered Level 1 of the Lair of Beasts
 12631 | Lair:1   | Reached skill level 10 in Invocations
 13324 | Lair:2   | Reached skill level 13 in Shields
 13350 | Lair:2   | Reached skill level 5 in Slings
 13400 | Lair:2   | Received a gift from Okawaru
 13679 | Lair:2   | Found a staircase to the Shoals.
 13695 | Lair:2   | Identified the +8 demon blade of Classification {vamp,
                  | Drain rF+ Will+ Int+2} (Okawaru gifted it to you on level 2
                  | of the Lair of Beasts)
 13695 | Lair:2   | Received a gift from Okawaru
 13742 | Lair:2   | Reached XP level 15. HP: 136/136 MP: 21/21
 13890 | Lair:2   | Noticed Gastronok
 13900 | Lair:2   | Killed Gastronok
 14479 | Lair:3   | Identified the +9 whip "Yvverch" {speed, Contam +Blink
                  | rElec rC++}
 14576 | Lair:3   | Found a staircase to the Snake Pit.
 15080 | Lair:4   | Acquired a manual of Armour
 15085 | Lair:4   | Found an ornate altar of the Wu Jian Council.
 15455 | Lair:4   | Received a gift from Okawaru
 16172 | Lair:5   | Received a gift from Okawaru
 16189 | Lair:5   | Noticed Sonja
 16197 | Lair:5   | Killed Sonja
 16372 | Lair:5   | Found a viscous altar of Jiyva.
 16373 | Lair:5   | Found a staircase to the Slime Pits.
 16850 | Lair:6   | Entered Level 6 of the Lair of Beasts
 17057 | Lair:6   | Received a gift from Okawaru
 17300 | Lair:6   | Reached skill level 14 in Shields
 18236 | Lair:6   | Identified the +6 shortbow of the Singing Soothsayer
                  | {vorpal, rCorr Int+4 SInv}
 18995 | D:11     | Found a large runed translucent door.
 18996 | D:11     | Found a large runed translucent door.
 19195 | D:11     | Paralysed by an air elemental for 1 turns
 19201 | D:11     | Paralysed by an air elemental for 1 turns
 19267 | D:12     | Found Pumopn's Assorted Antiques.
 19275 | D:12     | Bought a scroll of identify for 62 gold pieces
 19275 | D:12     | Bought a black potion for 27 gold pieces
 19310 | D:12     | Noticed Erolcha
 19322 | D:12     | Killed Erolcha
 19323 | D:12     | Reached XP level 16. HP: 147/147 MP: 22/22
 19515 | D:12     | Acquired a manual of Slings
 19735 | D:12     | Reached skill level 15 in Fighting
 19790 | D:12     | Found a transporter.
 19790 | D:12     | Noticed othur's ghost (journeyman DsGl)
 19794 | D:12     | Found a transporter.
 19823 | D:12     | Killed othur's ghost
 19836 | D:12     | Received a gift from Okawaru
 20027 | D:13     | Received a gift from Okawaru
 20067 | D:13     | Found a gate to the Vaults.
 20116 | D:13     | You fall into a shaft and drop 2 floors!
 20116 | D:15     | Entered Level 15 of the Dungeon
 20146 | D:15     | Reached skill level 5 in Evocations
 20177 | D:15     | Found a gate leading to a gauntlet.
 20186 | Gauntlet | Entered a Gauntlet
 20186 | Gauntlet | Found a transporter.
 20186 | Gauntlet | Found a transporter.
 20188 | Gauntlet | Found a transporter.
 20208 | Gauntlet | Found a transporter.
 20212 | Gauntlet | Found a transporter.
 20220 | Gauntlet | Found a transporter.
 20224 | Gauntlet | Found a transporter.
 20235 | Gauntlet | Found a transporter.
 20247 | Gauntlet | Found a runed translucent gate.
 20248 | Gauntlet | Found a transporter.
 20248 | Gauntlet | Found a runed translucent gate.
 20249 | Gauntlet | Found a runed translucent gate.
 20262 | Gauntlet | Found a transporter.
 20266 | Gauntlet | Found a transporter.
 20277 | Gauntlet | Found a transporter.
 20613 | D:14     | Reached skill level 15 in Shields
 20699 | D:14     | Found a frozen archway.
 20748 | IceCv    | Entered an ice cave
 20794 | IceCv    | Identified the +5 hunting sling "Killer Bee's Regret"
                  | {venom, rC+ MP+9 Str+3} (Okawaru gifted it to you in an ice
                  | cave)
 20794 | IceCv    | Received a gift from Okawaru
 21193 | IceCv    | Reached skill level 15 in Armour
 21268 | IceCv    | Noticed a golden dragon
 21331 | IceCv    | Killed a golden dragon
 21464 | IceCv    | Identified the ring "Sozatoti" {rCorr Int+2}
 21470 | IceCv    | Identified the amulet of Sunearai {Faith Slay+3}
 21474 | IceCv    | Identified the ring "Fimolim" {rN+ Str-4 Int+3 SInv}
 22098 | D:13     | Found a white marble altar of Elyvilon.
 22377 | D:14     | Identified the -10 tower shield of Subjectivity {Str+7
                  | Dex+2} (Okawaru gifted it to you on level 14 of the
                  | Dungeon)
 22377 | D:14     | Received a gift from Okawaru
 22680 | D:14     | Found an ornate altar of the Wu Jian Council.
 22818 | Lair:1   | Acquired a manual of Fighting
 22925 | Orc:2    | Bought a +2 pair of boots of flying for 322 gold pieces
 22925 | Orc:2    | Bought the +10 plate armour of Hoerol {-Cast Regen+ Int-3
                  | SInv} for 1095 gold pieces
 23102 | Shoals:1 | Entered Level 1 of the Shoals
 23102 | Shoals:1 | Found Xothi's Antique Weapon Shoppe.
 23211 | Shoals:1 | Found Haff's Antique Weapon Shoppe.
 23307 | Shoals:1 | Found Wulots's Armour Emporium.
 23455 | Snake:1  | Entered Level 1 of the Snake Pit
 23528 | Snake:1  | Reached XP level 17. HP: 158/158 MP: 23/23
 23728 | Snake:1  | Noticed Jorgrun
 23753 | Snake:1  | Killed Jorgrun
 23883 | Snake:1  | Reached skill level 16 in Shields
 23931 | Snake:1  | Found Piredd's Antique Armour Boutique.
 24751 | Snake:2  | Received a gift from Okawaru
 24979 | Snake:2  | Found Nienk's Assorted Antiques.
 25699 | Snake:3  | Received a gift from Okawaru
 25991 | Snake:3  | Found a hazy altar of Hepliaklqana.
 26690 | Snake:2  | Bought a shiny ruby ring for 210 gold pieces
 26712 | Snake:4  | Entered Level 4 of the Snake Pit
 26739 | Snake:4  | Identified the +0 robe of Bufaguc {Str-4 Dex+5} (Okawaru
                  | gifted it to you on level 4 of the Snake Pit)
 26739 | Snake:4  | Received a gift from Okawaru
 26954 | Snake:4  | Reached skill level 17 in Shields
 27266 | Snake:4  | Found Qyehecko's Book Shop.
 27586 | Snake:4  | Reached XP level 18. HP: 163/171 MP: 24/24
 27787 | Snake:4  | Noticed Vashnia
 27821 | Snake:4  | Killed Vashnia
 27869 | Snake:4  | Received a gift from Okawaru
 27921 | Snake:4  | Got a serpentine rune of Zot
 28084 | Snake:4  | Reached skill level 10 in Slings
 28787 | Shoals:1 | Found Bacsiwno's Weapon Boutique.
 28799 | Shoals:1 | Received a gift from Okawaru
 28822 | Shoals:1 | Reached skill level 18 in Shields
 29032 | Shoals:1 | Found Yfudghiun's Armour Boutique.
 29964 | Shoals:2 | Received a gift from Okawaru
 30650 | Shoals:3 | Received a gift from Okawaru
 30980 | Shoals:3 | Found Rume Loa's Assorted Antiques.
 31006 | Shoals:3 | Bought a scroll of blinking for 345 gold pieces
 31226 | Shoals:4 | Entered Level 4 of the Shoals
 31244 | Shoals:4 | Received a gift from Okawaru
 31513 | Shoals:4 | Received a gift from Okawaru
 31577 | Shoals:4 | Noticed Bai Suzhen
 31597 | Shoals:4 | Killed Bai Suzhen
 31597 | Shoals:4 | Received a gift from Okawaru
 31801 | Shoals:4 | Received a gift from Okawaru
 31920 | Shoals:4 | Reached skill level 19 in Shields
 32012 | Shoals:4 | Identified the +1 scale mail of Greater Demons {rElec}
                  | (Okawaru gifted it to you on level 4 of the Shoals)
 32012 | Shoals:4 | Received a gift from Okawaru
 32023 | Shoals:4 | Reached XP level 19. HP: 175/183 MP: 21/25
 32046 | Shoals:4 | Got a barnacled rune of Zot
 32171 | Shoals:4 | Identified the ring "Fureti Yteoh" {rCorr Str+4 Int+6 Dex+6
                  | Slay-6}
 32865 | D:15     | Noticed Kirke
 32889 | D:15     | Killed Kirke
 33108 | D:15     | Found a staircase to the Depths.
 33631 | Depths:1 | Entered Level 1 of the Depths
 33631 | Depths:1 | Found a gateway to a ziggurat.
 33798 | Depths:1 | Found a one-way gate leading to the halls of Pandemonium.
 34293 | Depths:1 | Received a gift from Okawaru
 34446 | Depths:1 | Received a gift from Okawaru
 34550 | Depths:1 | Reached skill level 20 in Shields
 34636 | Depths:1 | Found a one-way gate to the infinite horrors of the Abyss.
 34774 | Depths:1 | Paralysed by a sphinx for 3 turns
 34971 | Depths:1 | Received a gift from Okawaru
 35145 | Depths:1 | Found a gateway to Hell.
 35466 | Depths:2 | Found Irchejut's Weapon Shop.
 35593 | Depths:1 | Reached XP level 20. HP: 175/198 MP: 26/26
 35711 | Depths:2 | Identified the +10 long sword of Saloawk {spect, MP+9}
                  | (Okawaru gifted it to you on level 2 of the Depths)
 35711 | Depths:2 | Received a gift from Okawaru
 35846 | Depths:2 | Found a broken altar of Ashenzari.
 35923 | Depths:2 | Gained mutation: Your body sometimes deteriorates upon
                  | taking damage. [a neqoxec]
 35925 | Depths:2 | Gained mutation: You are frail. (-10% HP) [a neqoxec]
 36169 | Depths:2 | Got the Almanac of Entrancing Conjuration
 36279 | Depths:2 | Paralysed by a floating eye for 4 turns
 36360 | Depths:2 | Received a gift from Okawaru
 36375 | Depths:2 | Reached skill level 21 in Shields
 36476 | Depths:2 | Noticed a caustic shrike
 36490 | Depths:2 | Killed a caustic shrike
 36945 | Depths:3 | Received a gift from Okawaru
 37249 | Vaults:1 | Entered Level 1 of the Vaults
 38035 | Vaults:1 | Reached skill level 22 in Shields
 38259 | Vaults:1 | Received a gift from Okawaru
 38498 | Vaults:1 | Reached XP level 21. HP: 186/186 MP: 27/27
 39136 | Depths:3 | Identified the +1 robe of the Earth {*Slow rElec rN+++
                  | Int+2}
 39183 | Depths:3 | Received a gift from Okawaru
 39254 | Depths:3 | Received a gift from Okawaru
 39433 | Depths:3 | Found a bloodstained altar of Trog.
 40393 | Depths:4 | Noticed a juggernaut
 40410 | Depths:4 | Received a gift from Okawaru
 40844 | Depths:4 | Killed a juggernaut
 40845 | Depths:4 | Reached skill level 23 in Shields
 40862 | Depths:4 | HP: 6/188 [iron troll (23)]
 40863 | Depths:4 | Annihilated by an iron troll

Illustrated notes

Levels and vault maps discovered:
D:1:      amcnicky_arrival_flooded_fountain, layout_basic
D:2:      layout_rooms, hellmonk_ecumenical_altar_slurped_away,
          minmay_pentomino_w4
D:3:      layout_loops_ring, mainiacjoe_overflow_cross_hatched,
          gup_sewer_entry_spiral, uniq_ijyb, uniq_sigmund
D:4:      layout_loops_corners, vehumet_statue
D:5:      layout_basic, mainiacjoe_overflow_catwalk, kennysheep_mini_moat,
          minmay_temple_entry_butterflies
D:6:      minmay_polygon_palace, layout_rooms, minmay_ruined_shrine,
          uniq_grinder
D:7:      layout_loops_ring, uniq_menkaure, uniq_harold, uniq_prince_ribbit1
D:8:      layout_loops_ring, minmay_misc_feat_diagonals, uniq_maurice,
          uniq_psyche, uniq_pikel, uniq_grum
D:9:      minmay_general_purpose_star, layout_rooms, zin_academy, erik_orc_3,
          serial_ice, serial_ice_l, serial_ice_m, serial_ice_e, serial_ice_a,
          serial_ice_b, serial_ice_c, serial_ice_h, serial_ice_d
D:10:     gammafunk_mikee_crab_dinner, layout_basic, xom_butterflies,
          david_lair_generic, serial_shops, shop, enter_bailey_3, uniq_snorg
D:11:     layout_irregular_city, lightli_elemental_guards
D:12:     minmay_recursive_quarters, layout_small_grid, gammafunk_ghost_smash,
          serial_shops, shop, uniq_erolcha
D:13:     layout_cave_pools, david_vaults_4, special_room [special_room_orc],
          nicolae_elyvilon_temple_path
D:14:     layout_gridville, portal_ice_cave_entry_dragon,
          nicolae_wu_jian_wuxing_cycle, fountainhead, kennysheep_nub,
          kennysheep_generic_room_2
D:15:     grunt_enter_depths_giant_problem, layout_basic,
          gauntlet_entry_generic, uniq_kirke
Temple:   eino_temple_rhombus
Lair:1:   layout_misc_corridors, grunt_megastairs_5, infiniplex_staircase_pool_2
Lair:2:   layout_cave_pods, elwin_shoals_entry_rooms, grunt_forest_stairs_basic,
          serial_bayou_shore_a, uniq_gastronok
Lair:3:   layout_chaotic_city, minmay_snake_entry_guardpost_medium,
          minivault_19, grunt_megastairs_3
Lair:4:   layout_cave_pods, basic_altar
Lair:5:   layout_cellular_growth, dpeg_slime_entry_enclosed_altar,
          grunt_megastairs_1, lemuel_fruit_tree, uniq_sonja
Lair:6:   hangedman_lair_tendril_chambers, layout_hall_layers,
          kilobyte_rumbling_trees
Shoals:1: layout_shoals, serial_shops, shop, nicolae_shop_behind_doors, shop,
          nicolae_shop_behind_doors, shop, hangedman_shoal_volcano
Shoals:2: layout_shoals
Shoals:3: layout_shoals, serial_shops, nicolae_shop_waterfront
Shoals:4: shoals_end_simple, layout_shoals, uniq_bai_suzhen
Snake:1:  layout_gridlike, serial_shops,
          nicolae_shop_temple_entry_statues_fountains, uniq_jorgrun
Snake:2:  layout_basic, nicolae_take_the_stairs
Snake:3:  layout_layer_cave, basic_altar
Snake:4:  grunt_snake_rune_serpentine_throne, layout_layer_cave, serial_shops,
          shop_fountains, nicolae_snake_salamander_jacuzzi
Orc:1:    layout_caves
Orc:2:    st_orc_elflike, layout_caves, serial_shops, nicolae_shop_waterfront,
          shop, basic_altar
Vaults:1: nicolae_vaults_triangles, ontoclasm_vaults_shuriken,
          vaults_room_pools, nicolae_vaults_little_squares_2, v_misc_24,
          vaults_standard_mumra_enter_the_diamond, vaults_room_corners,
          vaults_room_grid, hangedman_vaults_hat, vaults_dpeg_ring,
          layout_vaults_big_cross
Depths:1: layout_gridlike, enter_ziggurat_f, mu_enter_wizlab_5,
          minmay_room_of_horrors, grunt_pan_entry_in_and_out, hell_entry,
          eino_small_chamber_without_monster, minmay_starry_boxes
Depths:2: kennysheep_snake, layout_cave_pools, lightli_too_deep, serial_shops,
          kennysheep_mini, evilmike_ruin_ashenzari, grunt_pan_entry_zigzag
Depths:3: minmay_tri_stars, layout_gridlike, rand_demon_pan_entry_9, hell_entry,
          infiniplex_staircase_trident, evilmike_spriggan_trog_shrine
Depths:4: minmay_strange_plus, layout_cave_shapes, abyss_entry, hell_entry,
          amcnicky_mini_pool_small, infiniplex_staircase_zigzag_5

Skill      XL: |  1  2  3  4  5  6  7  8  9 10 11 12 13 14 15 16 17 18 19 20 21 |
---------------+----------------------------------------------------------------+-----
Shields        | 4 5 7 8 9 10 11 12 13 14 15 17 19 20 22 23 | 23.0
Armour         | 4 5 6 7 8 9 10 11 12 14 15 16 17 18 19 | 19.0
Fighting       | 4 5 7 9 10 11 12 13 14 16 17 19 21 22 | 22.6
Long Blades    | 3 4 5 7 9 11 12 13 14 15 16 18 19 20 21 22 | 22.9
Dodging        | 1 |  1.2
Invocations    | 3 5 6 8 9 10 | 10.0
Slings         | 3 4 5 8 9 11 12 | 12.1
Evocations     | 1 4 6 8 9 |  9.2

Action                   |  1- 3 |  4- 6 |  7- 9 | 10-12 | 13-15 | 16-18 | 19-21 || total
-------------------------+-------+-------+-------+-------+-------+-------+-------++-------
Melee: Long sword        |    93 |   143 |   232 |    83 |       |       |       ||   551
       Headbutt          |    10 |    24 |    62 |   161 |   197 |   392 |   356 ||  1202
       Scimitar          |       |       |       |   614 |       |       |       ||   614
       Demon blade       |       |       |       |     5 |   840 |  1457 |   255 ||  2557
       Double sword      |       |       |       |       |       |       |  1142 ||  1142
 Fire: Hunting sling     |       |       |       |    51 |    27 |   165 |    38 ||   281
       Fustibalus        |       |       |       |       |       |       |    10 ||    10
Throw: Throwing net      |       |       |     1 |     2 |     1 |       |       ||     4
       Boomerang         |       |       |     2 |     3 |     8 |       |       ||    13
Invok: Finesse           |       |       |       |     4 |     7 |    14 |     4 ||    29
       Heroism           |       |       |       |       |       |     1 |       ||     1
Evoke: Wand              |       |       |     2 |     3 |     2 |     2 |     4 ||    13
       Box of beasts     |       |       |       |       |       |       |     1 ||     1
  Use: Scroll            |       |     8 |     3 |     5 |     9 |     8 |     9 ||    42
       Potion            |       |       |       |     1 |     2 |     4 |       ||     7
 Stab: Paralysed         |       |       |     1 |       |       |       |       ||     1
Armor: Scale mail        |    39 |    55 |    38 |       |       |       |       ||   132
       Chain mail        |       |       |    30 |    24 |       |       |       ||    54
       Plate armour      |       |       |       |   226 |   260 |   377 |   460 ||  1323
       Ice dragon scales |       |       |       |       |       |    35 |       ||    35
Dodge: Dodged            |    33 |    37 |    53 |   158 |   109 |   176 |   160 ||   726
Block: Kite shield       |    62 |    75 |    96 |   315 |   352 |   210 |       ||  1110
       Tower shield      |       |       |       |       |       |  1104 |  1419 ||  2523
       Reflection        |       |       |       |       |       |   123 |    39 ||   162
       Rpst.: Long sword |     7 |    11 |    17 |     6 |       |       |       ||    41
       Scimitar          |       |       |       |    26 |       |       |       ||    26
       Demon blade       |       |       |       |       |    33 |    28 |     6 ||    67
       Double sword      |       |       |       |       |       |       |    19 ||    19
